 Dungeon Crawl Stone Soup version 0.31-a0-1183-gd88bbb8b4d (webtiles) character file.

Game seed: 17298840931980029780

369 qw the Shooter (level 6, -1/39 HPs)
             Began as a Gargoyle Hunter on Dec 11, 2023.
             Slain by a black bear (2 damage)
             ... on level 5 of the Dungeon.
             The game lasted 00:01:24 (2882 turns).

qw the Shooter (Gargoyle Hunter)                    Turns: 2882, Time: 00:01:24

Health: -1/39      AC: 16    Str: 14    XL:     6   Next: 70%
Magic:  6/6        EV: 11    Int: 10    God:
Gold:   152        SH:  0    Dex: 15    Spells: 5/5 levels left

rFire   + . .        a - +0 shortbow
rCold   . . .        (shield currently unavailable)
rNeg    + . .        g - +2 leather armour {rF+}
rPois   inf          i - +1 helmet
rElec   +            (no cloak)
rCorr   .            (no gloves)
SInv    +            h - +0 pair of boots
Will    .....        (no amulet)
Stlth   ++           b - ring of see invisible
HPRegen 0.26/turn    d - +4 ring of protection
MPRegen 0.10/turn

%: no passive effects
@: hasted, very quick
A: sickness immunity, AC +4, negative energy resistance 1, electricity
resistance, torment resistance 1, petrification resistance
a: no special abilities


You were on level 5 of the Dungeon.
You visited 1 branch of the dungeon, and saw 7 of its levels.

You collected 152 gold pieces.


Innate Abilities, Weirdness & Mutations

You are immune to sickness and miasma.
Your stone body is resilient. (AC +4)
You are immune to poison.
You resist negative energy. (rN+)
You are resistant to electric shocks. (rElec)
You are resistant to unholy torment.
You are immune to petrification.


   Skills:
 - Level 4.6 Fighting
 + Level 6.6 Ranged Weapons
 - Level 1.3 Armour
 - Level 1.5 Dodging
 - Level 1.1 Stealth


You had 5 spell levels left.
You didn't know any spells.
Your spell library was empty.

Inventory:

Hand Weapons
 a - a +0 shortbow (weapon)
Armour
 g - a +2 leather armour of fire resistance (worn)
 h - a +0 pair of boots (worn)
 i - a +1 helmet (worn)
Jewellery
 b - a ring of see invisible (left hand)
 d - a +4 ring of protection (right hand)
Wands
 j - a wand of polymorph (8)

Dungeon Overview and Level Annotations

Branches:
Dungeon (7/15)
 Temple: D:4-7

Altars:
Uskayaw

Shops:
D:5 :


Message History

The black bear is lightly wounded.
A jelly comes into view.
The black bear barely misses you. The black bear closely misses you.
The black bear claws you but does no damage.
2873 ||| Stepping ~*~*~tactically~*~*~ (retreating).
You shoot an arrow. The arrow hits the black bear.
The black bear is lightly wounded.
The black bear bites you.
The black bear claws you but does no damage.
The black bear barely misses you.
You shoot an arrow.
The arrow completely misses the black bear.
The black bear bites you. The black bear claws you.
The black bear claws you but does no damage.
2876 ||| DRINKING bubbling dark potion.
It was a potion of haste.
You feel yourself speed up. The black bear misses you.
The black bear claws you but does no damage.
The black bear misses you.
You shoot an arrow. The arrow barely misses the black bear.
You shoot an arrow.
The arrow closely misses the black bear.
The black bear bites you.
The black bear claws you but does no damage.
The black bear claws you.
You shoot an arrow.
The arrow closely misses the black bear.
The black bear bites you but does no damage.
The black bear barely misses you. The black bear completely misses you.
You shoot an arrow. The arrow hits the black bear.
The black bear is moderately wounded.
The black bear barely misses you.
The black bear claws you but does no damage.
The black bear closely misses you.
You shoot an arrow.
The arrow closely misses the black bear.
You shoot an arrow. The arrow hits the black bear.
The black bear is moderately wounded.
The black bear bites you. The black bear claws you.
You die...

. #.# ..
#.####
#.J..#
#.#####h#
#.....@.#
######..##
#...###
#.#.#.#+#
#.###...###
#..'..}...#
####.}\}.###
#...}..'.#
###...##.###


You could see a black bear.

Vanquished Creatures
  A centaur (D:5)
  A bullfrog (D:7)
  Jessica (D:3)
  Ijyb (D:3)
  An orc wizard (D:3)
  4 gnolls (D:2)
  3 adders
  3 dart slugs
  6 orcs (D:3)
  3 ball pythons
  8 endoplasms
  6 giant cockroaches
  2 goblins
  9 hobgoblins
  10 jackals
  A quokka (D:3)
  6 bats
  5 frilled lizards
  3 kobolds
  6 rats
80 creatures vanquished.

Notes
Turn   | Place    | Note
-------+----------+-------------------------------------------
     0 | D:1      | qw the Gargoyle Hunter began the quest for the Orb.
     0 | D:1      | Reached XP level 1. HP: 12/12 MP: 1/1
     0 | D:1      | 0 ||| qw: Version: 0.3-a-106-g2cfff9e
     0 | D:1      | 0 ||| qw: Game counter: 2118
     0 | D:1      | 0 ||| qw: Melee chars always use a shield: true
     0 | D:1      | 0 ||| qw: God list: Okawaru
     0 | D:1      | 0 ||| qw: Allow faded altars: false
     0 | D:1      | 0 ||| qw: Do Orc after clearing Dungeon:15 true
     0 | D:1      | 0 ||| qw: Do second Lair branch before Depths: true
     0 | D:1      | 0 ||| qw: Lair rune preference: random
     0 | D:1      | 0 ||| qw: Goals: Normal, Save, Zot:1-4, Win
     0 | D:1      | 0 ||| PLANNING D:1-11
   260 | D:1      | Reached XP level 2. HP: 17/17 MP: 2/2
   582 | D:1      | 582 ||| UPGRADING to +0 helmet.
   587 | D:1      | 587 ||| UPGRADING to +0 pair of boots.
   592 | D:1      | 592 ||| UPGRADING to +1 helmet.
   602 | D:1      | 602 ||| DROPPING +0 helmet.
   603 | D:1      | 603 ||| READING 3 scrolls labelled JANAM OXEMPAAC.
   603 | D:1      | 603 ||| IDENTIFYING scroll labelled ESYQEG VI WEERE
   604 | D:1      | 604 ||| READING 2 scrolls of identify.
   604 | D:1      | 604 ||| IDENTIFYING scroll labelled ACYUPO ROAH
   605 | D:1      | 605 ||| READING scroll of identify.
   605 | D:1      | 605 ||| IDENTIFYING scroll labelled KIJUSCHE ATYKIF
   606 | D:1      | 606 ||| READING 2 scrolls labelled VUDGHACZOFU.
   611 | D:1      | 611 ||| READING 2 scrolls labelled VEEDYJ AKKU.
   712 | D:1      | 712 ||| DROPPING scroll of butterflies.
   713 | D:1      | 713 ||| DROPPING scroll of fog.
   714 | D:1      | 714 ||| DROPPING scroll of amnesia.
   715 | D:1      | 715 ||| DROPPING scroll of noise.
   716 | D:1      | 716 ||| DROPPING scroll of vulnerability.
   821 | D:2      | Reached XP level 3. HP: 21/21 MP: 3/3
   922 | D:2      | Reached skill level 5 in Ranged Weapons
  1255 | D:2      | Reached skill level 3 in Fighting
  1255 | D:2      | Reached XP level 4. HP: 22/28 MP: 4/4
  1264 | D:2      | Reached skill level 1 in Armour
  1693 | D:2      | 1693 ||| UPGRADING to ring of see invisible.
  1694 | D:2      | 1694 ||| READING scroll labelled YBLAEW GURIRO.
  1719 | D:3      | Noticed Jessica
  1741 | D:3      | Killed Jessica
  1742 | D:3      | Reached XP level 5. HP: 25/32 MP: 5/5
  1755 | D:3      | HP: 7/32 [orc/+0 club (4)]
  1756 | D:3      | 1756 ||| READING scroll of teleportation.
  1757 | D:3      | 1757 ||| DRINKING red potion.
  1758 | D:3      | 1758 ||| DRINKING sedimented purple potion.
  1857 | D:3      | Noticed a +0 short sword
  1857 | D:3      | Noticed a +0 spear
  1857 | D:3      | Noticed a +0 falchion
  1858 | D:3      | Noticed a +0 falchion
  1858 | D:3      | Noticed a +0 dagger
  1859 | D:3      | Noticed a +0 short sword
  1859 | D:3      | Noticed a +0 dagger
  1861 | D:3      | Noticed a +0 spear
  1862 | D:3      | Found a hide-covered altar of Uskayaw.
  1969 | D:3      | Noticed Ijyb
  1970 | D:3      | 1970 ||| FLEEEEING.
  1971 | D:3      | 1971 ||| FLEEEEING.
  1988 | D:3      | 1988 ||| FLEEEEING.
  1989 | D:3      | 1989 ||| FLEEEEING.
  1990 | D:3      | 1990 ||| FLEEEEING.
  1991 | D:3      | 1991 ||| FLEEEEING.
  1992 | D:3      | 1992 ||| FLEEEEING.
  1993 | D:3      | 1993 ||| FLEEEEING.
  2019 | D:3      | 2019 ||| FLEEEEING.
  2020 | D:3      | 2020 ||| FLEEEEING.
  2021 | D:3      | 2021 ||| FLEEEEING.
  2022 | D:3      | 2022 ||| FLEEEEING.
  2023 | D:3      | 2023 ||| FLEEEEING.
  2025 | D:3      | 2025 ||| FLEEEEING.
  2030 | D:3      | 2030 ||| FLEEEEING.
  2031 | D:3      | 2031 ||| FLEEEEING.
  2032 | D:3      | 2032 ||| FLEEEEING.
  2033 | D:3      | 2033 ||| FLEEEEING.
  2034 | D:3      | 2034 ||| FLEEEEING.
  2035 | D:3      | 2035 ||| FLEEEEING.
  2049 | D:3      | 2049 ||| FLEEEEING.
  2101 | D:3      | Killed Ijyb
  2102 | D:3      | Reached skill level 6 in Ranged Weapons
  2290 | D:3      | 2290 ||| UPGRADING to +2 leather armour of fire resistance.
  2308 | D:3      | 2308 ||| DROPPING +0 leather armour.
  2330 | D:3      | Found a faded altar of an unknown god.
  2629 | D:3      | 2629 ||| UPGRADING to +4 ring of protection.
  2630 | D:3      | 2630 ||| READING scroll labelled TIBRIXKUMA.
  2631 | D:3      | 2631 ||| READING scroll labelled TUARICSUTH.
  2651 | D:4      | 2651 ||| STAIRDANCE
  2656 | D:3      | Reached XP level 6. HP: 38/38 MP: 6/6
  2740 | D:4      | You fall into a shaft and drop 3 floors!
  2842 | D:5      | Entered Level 5 of the Dungeon
  2848 | D:5      | Found Tidel's Book Shoppe.
  2869 | D:5      | Noticed a black bear
  2873 | D:5      | 2873 ||| Stepping ~*~*~tactically~*~*~ (retreating).
  2875 | D:5      | HP: 9/39 [black bear (5)]
  2876 | D:5      | 2876 ||| DRINKING bubbling dark potion.
  2878 | D:5      | HP: 2/39 [black bear (5)]
  2882 | D:5      | Slain by a black bear

Levels and vault maps discovered:
D:1:      dpeg_arrival_leaves_temple_mockup, layout_basic,
          hangedman_decor_riveting, minmay_quantized
D:2:      layout_basic
D:3:      layout_loops_ring, nicolae_uskayaw_en_pointe,
          chequers_ecumenical_altar_twisty, st_stairs_2, uniq_jessica, uniq_ijyb
D:4:      layout_loops_corners, minmay_temple_entry_trees,
          nicolae_wooded_promenade, grunt_ministairs_3
D:5:      layout_basic, mainiacjoe_overflow_chevrons, serial_shops,
          nicolae_shop_rolling_square, st_stairs_9, minmay_puff
D:6:      layout_loops_corners, serial_shops, nicolae_shop_tiny_real_fake_doors,
          shop, shop, nicolae_shop_temple_entry_statues_fountains,
          nicolae_shop_behind_doors, ebering_ghost_disaster_area
D:7:      layout_layer_cave, elyvilon_altar_5, jmf_multi_god_temple

Skill      XL: |  1  2  3  4  5  6 |
---------------+-------------------+-----
Ranged Weapons | 5 6 |  6.6
Fighting       | 3 4 |  4.6
Armour         | 1 |  1.3
Dodging        | |  1.5
Stealth        | |  1.1

Action                     |  1- 3 |  4- 6 || total
---------------------------+-------+-------++-------
   Fire: Shortbow          |   104 |   213 ||   317
    Use: Scroll            |     5 |     4 ||     9
         Potion            |       |     3 ||     3
 Armour: Leather armour    |    34 |   104 ||   138
         Skin              |       |     3 ||     3
  Dodge: Dodged            |    24 |    90 ||   114

Table legend:
 A = Non-vault XP
 B = Vault XP
 C = Vault XP percentage of total XP
 D = Non-vault monster count
 E = Vault monster count
 F = Vault count percentage of total count
                 A         B        C        D         E       F
            +---------+---------+-------+---------+---------+-------
      Total |     441 |      87 |  16.5 |      69 |      11 |  13.8
            +---------+---------+-------+---------+---------+-------
        D:1 |      17 |       7 |  29.2 |      11 |       5 |  31.2
        D:2 |     119 |       0 |   0.0 |      26 |       0 |   0.0
        D:3 |      99 |      78 |  44.1 |      27 |       5 |  15.6
        D:4 |       8 |       2 |  20.0 |       3 |       1 |  25.0
        D:5 |     110 |       0 |   0.0 |       1 |       0 |   0.0
        D:7 |      88 |       0 |   0.0 |       1 |       0 |   0.0
            +---------+---------+-------+---------+---------+-------
